AoeStats
← Bollex

Black Forest

510123683Analyzed
3v3 RM · 19h ago on Sep 29, 2026· 57m 48s· 6 players
Game mode
Random Map
Map size
Normal (6 player)
Population
200
Speed
Normal
Resources
Standard
Victory
Conquest
Starting age
Dark Age
Ending age
Imperial Age
RankedLock teamsTeams togetherTeam positionsShared explorationLock speedFull tech treeHidden civsTurbo modeCheats
Victory
Defeat
🇧🇷 Varangians · Brazil
1017
+12
🇷🇴 Lithuanians · Romania
1014
+12
🇩🇪 Britons · Germany
917
+16
🇩🇪 Sicilians · Germany
1032
-18
🇩🇪 Armenians · Germany
922
-13
🇩🇪 Romans · Germany
816
-9
Clauzzz
6:15 Loom
9:52 Loom
11:43 Feudal Age
12:23 Horse Collar
12:29 Double-Bit Axe
13:20 Wheelbarrow
20:11 Castle Age
18:53 Scale Barding Armor
19:31 Forging
21:26 Hand Cart
21:12 Heavy Plow
21:29 Bow Saw
20:44 Light Cavalry
22:36 Heavy Plow
23:31 Fervor
24:09 Stone Mining
25:07 Husbandry
25:57 Bloodlines
28:06 Chain Barding Armor
29:13 Iron Casting
29:28 Gold Mining
30:15 Stone Shaft Mining
30:58 Masonry
34:12 Imperial Age
33:57 Ballistics
33:48 Fortified Wall
33:34 Murder Holes
33:19 Treadmill Crane
35:19 Cavalier
37:23 Plate Barding Armor
37:54 Two-Man Saw
37:26 Crop Rotation
36:55 Winged Hussar
37:55 Paladin
39:05 Fletching
39:15 Padded Archer Armor
40:28 Chemistry
40:10 Architecture
47:28 Conscription
47:45 Hoardings
46:31 Elite Leitis
55:48 Bodkin Arrow
56:09 Leather Archer Armor
55:54 Scale Mail Armor
56:00 Tower Shields
56:00 Hill Forts
Tebano
0:51 Loom
12:26 Feudal Age
14:57 Double-Bit Axe
17:28 Castle Age
16:44 Fletching
29:10 Horse Collar
31:51 Heavy Plow
33:03 Bodkin Arrow
36:00 Bow Saw
37:21 Wheelbarrow
37:39 Town Watch
38:20 Squires
38:06 Gambesons
38:07 Arson
38:43 Caravan
40:37 Hand Cart
44:32 Imperial Age
43:14 Scale Mail Armor
43:25 Forging
48:32 Chain Mail Armor
50:17 Elite Varangian Guard
53:33 Iron Casting
54:15 Plate Mail Armor
56:31 Bloodlines
56:21 Husbandry
55:44 Cavalier
57:17 Gold Mining
57:18 Stone Mining
57:35 Light Cavalry
highvoltage
0:27 Loom
11:23 Feudal Age
12:09 Double-Bit Axe
12:06 Horse Collar
14:00 Gold Mining
19:41 Castle Age
20:53 Stone Mining
21:05 Heavy Plow
23:23 Wheelbarrow
22:34 Town Watch
23:33 Bow Saw
28:38 Imperial Age
27:12 Ballistics
27:08 Fletching
27:18 Padded Archer Armor
28:05 Hand Cart
28:00 Bodkin Arrow
29:02 Leather Archer Armor
28:32 Treadmill Crane
29:37 Town Patrol
30:44 Two-Man Saw
32:14 Chemistry
31:22 Elite Longbowman
35:23 Warwolf
35:43 Yeomen
36:32 Bracer
37:03 Ring Archer Armor
37:18 Caravan
39:06 Heated Shot
39:34 Fortified Wall
39:34 Masonry
39:18 Arrowslits
43:53 Hoardings
XBU Lord
0:32 Loom
12:12 Feudal Age
13:39 Man-at-Arms
14:05 Arson
14:13 Double-Bit Axe
16:02 Forging
15:53 Scale Mail Armor
18:06 Long Swordsman
24:49 Castle Age
23:10 Gold Mining
26:22 Squires
25:45 Two-Handed Swordsman
26:27 Horse Collar
27:18 Bow Saw
27:29 Gambesons
30:29 Iron Casting
30:10 Chain Mail Armor
30:26 Heavy Plow
34:27 Champion
37:10 Gold Shaft Mining
38:00 Wheelbarrow
37:11 Town Watch
44:28 Stone Mining
44:59 Hand Cart
48:09 Fletching
48:19 Padded Archer Armor
50:53 Imperial Age
48:47 Ballistics
48:19 Heated Shot
48:40 Fortified Wall
48:41 Masonry
48:12 Treadmill Crane
48:28 Murder Holes
50:02 Elite Skirmisher
51:04 Bodkin Arrow
51:25 Leather Archer Armor
54:17 Blast Furnace
53:48 Plate Mail Armor
53:19 Bracer
53:49 Ring Archer Armor
54:21 Conscription
54:18 Fereters
Bollex
0:52 Loom
12:41 Feudal Age
16:51 Castle Age
15:52 Double-Bit Axe
23:45 Wheelbarrow
24:53 Gold Mining
24:52 Horse Collar
25:34 Bow Saw
26:23 Gold Shaft Mining
26:42 Hand Cart
31:27 Imperial Age
29:15 Fletching
29:49 Padded Archer Armor
30:12 Ballistics
30:37 Caravan
30:36 Bodkin Arrow
30:56 Leather Archer Armor
32:28 Bloodlines
32:19 Husbandry
31:46 Heavy Mounted Crossbowman
31:53 Heavy Mounted Crossbowman
32:09 Heavy Mounted Crossbowman
33:17 Conscription
34:05 Chemistry
33:17 Masonry
32:59 Cranequins
34:40 Bracer
34:41 Capped Ram
35:58 Siege Ram
39:21 Murder Holes
41:11 Squires
42:13 Pikeman
42:41 Arson
Bolle
0:28 Loom
12:47 Feudal Age
17:42 Castle Age
15:37 Double-Bit Axe
15:35 Horse Collar
18:33 Bow Saw
18:26 Heavy Plow
20:05 Wheelbarrow
24:28 Fletching
24:41 Padded Archer Armor
26:11 Hand Cart
26:45 Ballistics
27:39 Gold Mining
27:43 Stone Mining
29:02 Gold Shaft Mining
29:02 Caravan
29:53 Bodkin Arrow
30:13 Leather Archer Armor
35:12 Imperial Age
33:36 Ballistas
36:06 Siege Engineers
37:02 Chemistry
35:35 Heavy Scorpion
37:15 Ring Archer Armor
36:45 Murder Holes
37:01 Fortified Wall
43:06 Squires
42:26 Pikeman
43:45 Halberdier
Connection lost

Rejoining the realm…

Still unreachable

The connection could not be restored.

Session expired

The server has moved on; the page needs a fresh start.